 Dungeon Crawl Stone Soup version 0.28-a0-909-g796cbd3a86 (webtiles) character file.

Game seed: 5953858702227584004

54 croobank the Skirmisher (level 3, -3/30 HPs)
             Began as a Demonspawn Abyssal Knight on Nov 25, 2021.
             Was a Believer of Lugonu.
             Killed from afar by Natasha (7 damage)
             ... with a magic dart
             ... on level 3 of the Dungeon.
             The game lasted 00:07:55 (2134 turns).

croobank the Skirmisher (Demonspawn Abyssal Knight) Turns: 2134, Time: 00:07:56

Health: -3/30      AC:  5    Str: 14    XL:     3   Next: 66%
Magic:  4/4        EV: 10    Int: 11    God:    Lugonu [**....]
Gold:   101        SH:  0    Dex: 13    Spells: 2/2 levels left

rFire   + . .      SeeInvis .   a - +1 hand axe
rCold   + . .      Faith    .   (no shield)
rNeg    . . .      Spirit   .   e - +0 ring mail
rPois   +          Reflect  .   (no helmet)
rElec   +          Harm     .   (no cloak)
rCorr   +          Rampage  .   (no gloves)
Will    .....                   (no boots)
Stlth   +.........              (no amulet)
HPRegen 0.10/turn               (no ring)
MPRegen 0.09/turn               (no ring)

@: resistant, slowed, very slow
A: ignite blood 1
a: Renounce Religion, Depart the Abyss, Bend Space


You were on level 3 of the Dungeon.
You worshipped Lugonu.
Lugonu was pleased with you.
You visited 1 branch of the dungeon, and saw 3 of its levels.
You visited the Abyss 1 time.

You collected 101 gold pieces.

Inventory:

Hand Weapons
 a - a +1 hand axe (weapon)
Missiles
 h - 5 poisoned darts (quivered)
 j - 5 datura-tipped darts
 m - a stone
Armour
 b - a +0 leather armour
 e - a +0 ring mail (worn)
 i - a +0 plate armour
Scrolls
 l - a scroll of torment {unknown}
Potions
 f - a potion of ambrosia {unknown}
 g - 2 potions of mutation
 k - a potion of flight {unknown}


   Skills:
 + Level 3.7 Fighting
 + Level 2.6 Axes
 + Level 2.2 Armour
 + Level 1.1 Dodging
 + Level 2.5 Invocations


You had 2 spell levels left.
You didn't know any spells.
Your spell library was empty.

Dungeon Overview and Level Annotations

Branches:
Dungeon (3/15)

Altars:

Annotations:
D:3 Natasha


Innate Abilities, Weirdness & Mutations

Your demonic aura sometimes causes spilled blood to erupt in flames.


Message History

Natasha wildly gestures.
You feel disoriented.
Natasha stares at you and mumbles some strange words.
You feel yourself slow down.
The endoplasm hits you but does no damage.
You hit Natasha.
Natasha is severely wounded.
You hit the endoplasm. The endoplasm freezes you.
You are frozen.
You resist. Natasha claws you.
You closely miss Natasha.
Natasha is severely wounded.
You hit the endoplasm.
You kill the endoplasm!
Lugonu accepts your kill. Natasha claws you. Natasha barely misses you.
You hit Natasha but do no damage.
Natasha is severely wounded.
Natasha claws you.
* * * LOW HITPOINT WARNING * * *
Natasha barely misses you.
You hit Natasha but do no damage.
Natasha is severely wounded.
You closely miss the crimson imp.
The crimson imp disappears in a puff of smoke!
Natasha mumbles some strange words.
Natasha claws you.
* * * LOW HITPOINT WARNING * * *
You barely miss Natasha.
Natasha is severely wounded.
Natasha stares at you and mumbles some strange words.
The magic dart hits you.
* * * LOW HITPOINT WARNING * * *
Natasha completely misses you.
You completely miss Natasha.
Natasha is severely wounded.
The white imp hits you but does no damage.
Natasha casts a spell at you. The magic dart hits you!
You die...

#.... #..... .. ......
.# #...... .### #####
...((.. ...
....##..(.(.. .##
#$.h5(..... ..#
############@.#
..###..........).#......
......############ .)...
.###### .... ## ... # ..
.


You could see Natasha and a white imp (summoned).

Vanquished Creatures
  A worm (D:3)
  A dart slug (D:1)
  5 ball pythons (D:1)
  5 endoplasms
  A giant cockroach (D:1)
  7 hobgoblins
  4 quokkas
  6 bats
  4 frilled lizards
  4 goblins
  2 kobolds
  5 rats
45 creatures vanquished.

Notes
Turn   | Place    | Note
-------+----------+-------------------------------------------
     0 | Abyss:1  | croobank the Demonspawn Abyssal Knight began the quest for
                  | the Orb.
     0 | Abyss:1  | Reached XP level 1. HP: 18/18 MP: 2/2
    15 | Abyss:1  | Found a shadowy altar of Dithmenos.
    18 | D:1      | Escaped the Abyss
   332 | D:1      | Gained mutation: Your demonic aura sometimes causes spilled
                  | blood to erupt in flames. [demonic ancestry]
   332 | D:1      | Reached XP level 2. HP: 24/24 MP: 3/3
   358 | D:1      | Reached skill level 1 in Dodging
  1013 | D:1      | Reached XP level 3. HP: 30/30 MP: 4/4
  1022 | D:1      | Reached ** piety under Lugonu
  2113 | D:3      | Noticed Natasha
  2126 | D:3      | HP: 1/30 [Natasha (7)]
  2134 | D:3      | Killed from afar by Natasha

Illustrated notes

Levels and vault maps discovered:
D:1:      roderic_octagonal_star, layout_loops_ring, minmay_indecisive_spiral
D:2:      layout_basic
D:3:      layout_rooms, uniq_natasha, uniq_robin

Skill      XL: |  1  2 |
---------------+-------+-----
Armour         | 2 |  2.2
Axes           | 2 |  2.6
Dodging        | 1 |  1.1
Fighting       | |  3.7
Invocations    | |  2.5

Action                   || total
-------------------------++-------
Melee: Hand axe          ||   132
Throw: Dart              ||     7
  Use: Scroll            ||     4
       Potion            ||     2
Armor: Ring mail         ||    44
       Leather armour    ||     3
Dodge: Dodged            ||    93

Table legend: (Time is in decaauts)
 A = Elapsed time spent in this place.
 B = Non-inter-level travel time spent in this place.
 C = Inter-level travel time spent in this place.
 D = Time resting spent in this place.
 E = Time spent auto-exploring this place.
 F = Levels seen in this place.
 G = Mean time per level.
                   A        B        C        D        E       F      G
               +--------+--------+--------+--------+--------+-----+--------+
         Total |   2161 |   2081 |     80 |    661 |   1038 |   4 |  540.2 |
       Dungeon |   2143 |   2063 |     80 |    661 |   1029 |   3 |  714.3 |
         Abyss |     18 |     18 |      0 |      0 |      9 |   1 |   18.0 |
               +--------+--------+--------+--------+--------+-----+--------+

Top non-repeatable levels by time:
     D:1: 1394 daAuts
     D:2: 682 daAuts
     D:3: 66 daAuts
 Abyss:1: 18 daAuts
